 Dungeon Crawl Stone Soup version 0.22.1-1-ga44c0e5 (webtiles) character file.

216 Lauz the Slasher (level 5, -1/72 HPs)
             Began as a Minotaur Berserker on Oct 30, 2018.
             Was a Priest of Trog.
             Slain by a gnoll
             ... wielding a +3 spear
              (7 damage)
             ... on level 4 of the Dungeon.
             The game lasted 00:04:10 (2596 turns).

Lauz the Slasher (Minotaur Berserker)               Turns: 2596, Time: 00:04:11

Health: -1/72      AC:  2    Str: 31    XL:     5   Next: 61%
Magic:  4/4        EV: 12    Int:  4    God:    Trog [***...]
Gold:   158        SH:  0    Dex: 10    Spells: 4/4 levels left

rFire    . . .     SeeInvis .   a - +0 falchion
rCold    . . .     Gourm    .   (no shield)
rNeg     . . .     Faith    .   b - +0 animal skin
rPois    +         Spirit   .   (helmet restricted)
rElec    .         Reflect  .   (no cloak)
rCorr    .         Harm     .   (no gloves)
MR       .....                  (no boots)
Stlth    ..........             (no amulet)
HPRegen  0.22/turn              u - +4 ring of strength
MPRegen  0.09/turn              d - ring of poison resistance

@: berserking, very quick
A: retaliatory headbutt, horns 2
a: Berserk, Trog's Hand, Renounce Religion


You were on level 4 of the Dungeon.
You worshipped Trog.
Trog was most pleased with you.
You were very hungry.

You visited 1 branch of the dungeon, and saw 4 of its levels.

You collected 158 gold pieces.

Inventory:

Hand Weapons
 a - a +0 falchion (weapon)
Armour
 b - a +0 animal skin (worn)
Jewellery
 d - a ring of poison resistance (right hand)
 u - a +4 ring of strength (left hand)
 x - a cursed ring of poison resistance
Scrolls
 g - a scroll of magic mapping {unknown}
 i - 2 scrolls of remove curse {unknown}
 j - a scroll of identify
 k - a scroll of random uselessness {unknown}
 m - a scroll of blinking {unknown}
 p - a scroll of amnesia {unknown}
 v - a scroll of teleportation {unknown}
Potions
 e - a potion of mutation {unknown}
 f - a potion of haste {unknown}
 h - 2 potions of heal wounds {unknown}
 l - 5 potions of curing {unknown}
 n - 3 potions of flight {unknown}
 o - a potion of brilliance {unknown}
 q - 2 potions of degeneration {unknown}
 r - 2 potions of lignification {unknown}
 s - a potion of agility {unknown}
 t - a potion of might {unknown}
Comestibles
 c - 6 rations
 w - a chunk of flesh


   Skills:
 + Level 5.0 Fighting
 * Level 6.8 Long Blades
 - Level 2.4 Armour
 - Level 2.1 Dodging
 + Level 0.3 Stealth


You had 4 spell levels left.
You didn't know any spells.
Your spell library was empty.

Dungeon Overview and Level Annotations

Branches:
Dungeon (4/15)
 Temple: D:4-7

Altars:


Innate Abilities, Weirdness & Mutations

You reflexively headbutt those who attack you in melee.
You have a pair of horns on your head.


Message History

You are too injured to fight recklessly!
You are too injured to fight recklessly!
You are too injured to fight recklessly!
You are too injured to fight recklessly!
You hit the gnoll. Your headbutt misses the gnoll.
The gnoll is lightly wounded.
The gnoll hits you with an enchanted spear!
You barely miss the gnoll.
The gnoll is lightly wounded.
The gnoll hits you with an enchanted spear!
* * * LOW HITPOINT WARNING * * *
A red film seems to cover your vision as you go berserk!
You feel yourself moving faster!
You feel mighty!
You are feeling very hungry.
The gnoll hits you with an enchanted spear.
* * * LOW HITPOINT WARNING * * *
You barely miss the gnoll.
The gnoll is lightly wounded.
The gnoll hits you with an enchanted spear!
You die...

.......# .......#
#..... .....<.#
#..... .......#
#....# .......#
#....+ ....#.##
#>..<#+# ..###.#
##......# ..###.#
####..g....#
...##.###......)@...#
......##..######..###
.........## #.##
.#........# #.#
..........######.#
.#...............#
..........##.....#
##........##.....#
######..####....##


You could see a gnoll.

Vanquished Creatures
  A howler monkey (D:4)
  Jessica (D:3)
  2 gnolls (D:4)
  3 adders
  A shadow imp (D:3)
  An ooze (D:3)
  A worm (D:2)
  2 dart slugs
  A leopard gecko (D:2)
  5 orcs (D:3)
  3 giant cockroaches
  13 goblins
  7 hobgoblins
  2 jackals (D:2)
  15 kobolds
  3 quokkas
  2 ball pythons (D:1)
  9 bats
  3 frilled lizards
  4 rats
79 creatures vanquished.

Notes
Turn   | Place    | Note
-------+----------+-------------------------------------------
     0 | D:1      | Lauz the Minotaur Berserker began the quest for the Orb.
     0 | D:1      | Reached XP level 1. HP: 19/19 MP: 0/0
    55 | D:1      | Reached skill level 4 in Long Blades
   243 | D:1      | Reached XP level 2. HP: 23/27 MP: 1/1
   395 | D:1      | Reached ** piety under Trog
   830 | D:1      | You fall through a shaft!
   895 | D:2      | Reached XP level 3. HP: 26/33 MP: 2/2
  1087 | D:2      | Reached skill level 5 in Long Blades
  1173 | D:2      | Reached XP level 4. HP: 17/41 MP: 3/3
  2273 | D:3      | Reached *** piety under Trog
  2291 | D:3      | Noticed Jessica
  2299 | D:3      | Killed Jessica
  2299 | D:3      | Reached skill level 6 in Long Blades
  2299 | D:3      | Reached XP level 5. HP: 36/47 MP: 4/4
  2590 | D:4      | Reached skill level 5 in Fighting
  2596 | D:4      | Slain by a gnoll

Skill      XL: |  1  2  3  4  5 |
---------------+----------------+-----
Long Blades    | 4 5 6 |  6.8
Fighting       | 4 5 |  5.0
Armour         | |  2.4
Dodging        | |  2.1
Stealth        | |  0.3

Action                   |  1- 3 |  4- 6 || total
-------------------------+-------+-------++-------
Melee: Falchion          |    79 |    77 ||   156
       Headbutt          |    11 |    16 ||    27
Invok: Berserk           |       |     1 ||     1
  Use: Scroll            |       |     2 ||     2
  Eat: Chunk             |       |     5 ||     5
Armor: Animal skin       |    12 |    11 ||    23
Dodge: Dodged            |    53 |    41 ||    94
       Rpst.: Falchion   |    11 |    12 ||    23
